 Dungeon Crawl Stone Soup version 0.24-a0-416-g56ce5178b7 (webtiles) character file.

Game seed: 5206765114286140793

19821 Azzok the Cleaver (level 13, -11/86 HPs)
             Began as a Formicid Fighter on June 9, 2019.
             Was a High Priest of Okawaru.
             Mangled by a stone giant (36 damage)
             ... on level 12 of the Dungeon.
             The game lasted 00:22:03 (13447 turns).

Azzok the Cleaver (Formicid Fighter)               Turns: 13447, Time: 00:22:04

Health: -11/86     AC: 15    Str: 31    XL:     13   Next: 7%
Magic:  13/20      EV: 11    Int:  8    God:    Okawaru [*****.]
Gold:   658        SH: 14    Dex: 10    Spells: 12/12 levels left

rFire    . . .     SeeInvis +   a - +1 hand axe (elec)
rCold    . . .     Gourm    .   c - +0 shield
rNeg     . . .     Faith    .   w - +0 storm dragon scales
rPois    .         Spirit   .   (helmet unavailable)
rElec    +         Reflect  .   (no cloak)
rCorr    .         Harm     .   p - +0 pair of gloves
MR       +....                  (no boots)
Stlth    ..........             (no amulet)
HPRegen  0.24/turn              y - +4 ring of slaying
MPRegen  0.17/turn              k - +5 ring of strength

@: heroism, finesse
A: permanent stasis, dig shafts and tunnels, four strong arms, antennae 3
a: Dig, Shaft Self, Heroism, Finesse, Renounce Religion


You were on level 12 of the Dungeon.
You worshipped Okawaru.
Okawaru was extremely pleased with you.
You were not hungry.

You visited 2 branches of the dungeon, and saw 13 of its levels.
You also visited: Bailey.

You collected 658 gold pieces.

Inventory:

Hand Weapons
 a - a +1 hand axe of electrocution (weapon)
 b - the +4 hand axe "Beetleslayer" {flame, -Tele MR++ Str+7}
   (You found it on level 4 of the Dungeon)

   It has been specially enchanted to burn those struck by it, causing extra
   injury to most foes and up to half again as much damage against particularly
   susceptible opponents.
   Big, fiery blades are also staple armaments of hydra-hunters.
   It affects your strength (+7).
   It affects your resistance to hostile enchantments.
   It prevents most forms of teleportation.
 t - a +1 hand axe of flaming
Armour
 c - a +0 shield (worn)
 p - a +0 pair of gloves (worn)
 w - +0 storm dragon scales (worn)
Jewellery
 k - a +5 ring of strength (right hand)
 y - a +4 ring of slaying (left hand)
 B - an uncursed ring of protection from cold
 F - an uncursed ring of protection from magic
Wands
 g - a wand of digging (5)
 m - a wand of flame (21)
 n - a wand of scattershot (9)
 q - a wand of polymorph (7)
 x - a wand of enslavement (11)
 D - a wand of random effects (15)
 H - a wand of acid (11)
Scrolls
 o - 5 scrolls of remove curse
 r - 2 scrolls of amnesia {unknown}
 s - a scroll of summoning {unknown}
 z - a scroll of silence {unknown}
 C - a scroll of fog
 G - 2 scrolls of enchant weapon
 I - a scroll of acquirement {unknown}
Potions
 d - a potion of might
 e - a potion of mutation {unknown}
 h - 5 potions of curing
 i - 4 potions of lignification
 j - 2 potions of degeneration {unknown}
 l - 3 potions of flight
 u - a potion of ambrosia
 v - 2 potions of agility
 A - 7 potions of heal wounds
 J - a potion of experience {unknown}
Comestibles
 f - 20 rations
 E - 3 chunks of flesh


   Skills:
 - Level 3.2(8.2) Fighting
 + Level 14.7(19.7) Axes
 - Level 3.2(8.2) Armour
 - Level 9.0(14.0) Shields
 - Level 10.0 Invocations
 - Level 10.0 Evocations


You had 12 spell levels left.
You didn't know any spells.
Your spell library contained the following spells:

 Spells                   Type           Power        Failure   Level  Hunger
 Animate Skeleton         Necr           N/A          87%         1    ##.....
 Apportation              Tloc           #.....       87%         1    ##.....
 Confusing Touch          Hex            #.....       87%         1    ##.....
 Corona                   Hex            #......      87%         1    ##.....
 Summon Small Mammal      Summ           #...         87%         1    ##.....
 Ensorcelled Hibernation  Hex/Ice        #.....       95%         2    ###....
 Confuse                  Hex            #.......     99%         3    ####...
 Dazzling Spray           Conj/Hex       #.....       99%         3    ####...
 Tukima's Dance           Hex            #.......     99%         3    ####...


Dungeon Overview and Level Annotations

Branches:
Dungeon (12/15)            Temple (1/1) D:5            Lair (0/6) D:11
    Orc (0/2) D:10

Altars:
Ashenzari
Cheibriados
Dithmenos
Elyvilon
Fedhas
Gozag
Hepliaklqana
Kikubaaqudgha
Makhleb
Nemelex Xobeh
Okawaru
Qazlal
Ru
Sif Muna
Trog
Vehumet
Xom
Zin
The Shining One

Shops:
D:6 (   D:9 :

Annotations:
D:8 3 runed translucent doors, Ratty's ghost, novice MiMo
D:11 exclusion: obsidian statue


Innate Abilities, Weirdness & Mutations

You cannot be hasted, slowed, berserked, paralysed or teleported.
You can dig through walls and to a lower floor.
Your four strong arms can wield two-handed weapons with a shield.
You have a pair of large antennae on your head. (SInv)


Message History

Lightning courses through the cyclops! You slash the fire giant!
The fire giant is heavily wounded.
You slash the cyclops! You hit the ettin but do no damage.
You hit the stone giant but do no damage.
Lightning courses through the stone giant!!
You barely miss the fire giant.
The fire giant is heavily wounded.
You hit the cyclops. Lightning courses through the cyclops!
You hit the ettin but do no damage. Lightning courses through the ettin!!
You kill the ettin!
Okawaru is honoured by your kill.
You hit the stone giant.
Lightning courses through the stone giant!
The fire giant hits you with a +0 great sword of flaming!!
* * * LOW HITPOINT WARNING * * *
The fire giant burns you!
* * * LOW HITPOINT WARNING * * *
You feel much better. The stone giant hits you!!!
You die...

▒····▒ ░░◦{◦◦◦◦◦◦◦◦◦◦◦◦◦◦◦◦
▒····▒ ░◦◦{◦◦◦◦◦◦◦◦◦◦◦◦◦◦◦◦
▒···)▒ ░◦◦░░░░░░░░░░░░░░░░░
▒····▒▒ ░◦◦░░░░░░░░░░░░░░░░░
▒·····▒ ░◦◦◦◦◦◦◦{◦◦◦◦◦◦◦◦◦◦◦
▒·····▒▒ ░░◦◦◦◦◦◦{◦◦◦◦◦◦◦◦◦◦◦
▒······▒▒▒░░░░░░░░░░░░░░░░░░░
▒········▒▒▒▒▒▒▒▒▒▒▒░░░░░░░░░
▒▒··········@C······◦◦◦◦◦◦◦◦◦
▒·········)CC······◦◦◦◦◦◦◦◦◦
▒▒·················◦◦◦◦◦◦◦◦◦
▒▒▒···············◦◦◦◦◦◦◦◦◦
▒▒▒▒▒▒▒▒▒▒▒▒▒▒▒▒░░░░░░░░░


You could see a fire giant, a stone giant and a cyclops.

Vanquished Creatures
  An orc warlord (Bailey)
  A very ugly thing (D:12)
  An ettin (D:12)
  3 hydras
  2 orc knights (Bailey)
  A wolf spider zombie (D:12)
  An ugly thing (D:12)
  A manticore (D:12)
  3 cyclopes
  2 centaur zombies (D:12)
  A freezing wraith (D:12)
  A redback zombie (D:12)
  A komodo dragon (D:12)
  2 hornets (D:12)
  A troll (D:12)
  3 hippogriffs
  2 dream sheep (D:8)
  A vampire (D:12)
  2 wyverns
  2 yaks (D:8)
  A hungry ghost (D:9)
  Edmund (D:4)
  2 soldier ants (D:12)
  A water moccasin (D:5)
  2 acid dragons
  9 orc warriors
  3 black bears (D:6)
  4 ice beasts
  A sky beast (D:7)
  A hornet zombie (D:8)
  5 ogres
  5 phantoms
  3 centaurs
  A crocodile (D:12)
  8 bullfrogs
  5 big kobolds
  3 scorpions
  4 killer bees (D:11)
  8 wights
  3 howler monkeys
  A crimson imp (D:12)
  7 hounds
  9 jellies
  2 quasits
  A bullfrog zombie (D:5)
  15 orc priests
  4 centaur skeletons
  A bullfrog skeleton (D:5)
  An iguana (D:12)
  15 orc wizards
  A killer bee zombie (D:7)
  5 worker ants
  2 hound skeletons (D:4)
  2 worker ant zombies
  5 gnolls
  8 adders
  2 shadow imps (D:11)
  An ooze (D:3)
  4 adder skeletons
  An adder zombie (D:9)
  4 worms
  6 dart slugs (D:1)
  4 leopard geckos
  47 orcs
  8 bats
  2 giant cockroaches (D:4)
  10 goblins
  9 hobgoblins
  8 jackals
  23 kobolds
  7 quokkas
  2 frilled lizards (D:3)
  A jackal skeleton (D:4)
  2 leopard gecko skeletons (D:5)
  4 rats
  6 bushes (D:5)
332 creatures vanquished.

Notes
Turn   | Place    | Note
-------+----------+-------------------------------------------
     0 | D:1      | Azzok the Formicid Fighter began the quest for the Orb.
     0 | D:1      | Reached XP level 1. HP: 18/18 MP: 1/1
    55 | D:1      | Reached XP level 2. HP: 12/24 MP: 2/2
   264 | D:1      | Reached skill level 3 in Axes
   264 | D:1      | Reached XP level 3. HP: 25/29 MP: 3/3
  1010 | D:2      | Reached skill level 4 in Axes
  1010 | D:2      | Reached XP level 4. HP: 27/35 MP: 4/4
  1772 | D:2      | Found a sparkling altar of Nemelex Xobeh.
  2737 | D:3      | Reached skill level 5 in Axes
  2737 | D:3      | Reached XP level 5. HP: 25/41 MP: 5/5
  2977 | D:3      | You fall into a shaft and drop 2 floors!
  2977 | D:5      | Entered Level 5 of the Dungeon
  3062 | D:5      | Found a staircase to the Ecumenical Temple.
  3073 | D:5      | Found a bloodstained altar of Trog.
  3080 | Temple   | Entered the Ecumenical Temple
  3146 | Temple   | Became a worshipper of Warmaster Okawaru
  3187 | D:4      | Reached skill level 1 in Invocations
  3187 | D:4      | Reached XP level 6. HP: 46/47 MP: 6/6
  3378 | D:4      | Reached skill level 6 in Axes
  3381 | D:4      | Reached XP level 7. HP: 50/52 MP: 9/9
  3403 | D:4      | Got an encrusted hand axe
  3995 | D:4      | Noticed Edmund
  4021 | D:4      | Killed Edmund
  4429 | D:4      | Reached * piety under Okawaru
  4464 | D:5      | Reached skill level 7 in Axes
  4464 | D:5      | Reached skill level 5 in Invocations
  4464 | D:5      | Reached XP level 8. HP: 58/58 MP: 11/11
  5043 | D:6      | Reached skill level 8 in Axes
  5135 | D:6      | Found a sacrificial altar of Ru.
  5290 | D:6      | Reached XP level 9. HP: 38/64 MP: 14/14
  5490 | D:6      | Found a bloodstained altar of Trog.
  5509 | D:6      | Reached ** piety under Okawaru
  5655 | D:6      | Reached skill level 9 in Axes
  5929 | D:6      | Found Inatagre's Weapon Shoppe.
  6215 | D:7      | Reached *** piety under Okawaru
  6753 | D:7      | Found a shattered altar of Ashenzari.
  6982 | D:7      | Reached skill level 10 in Axes
  6982 | D:7      | Reached skill level 10 in Invocations
  6982 | D:7      | Reached XP level 10. HP: 70/70 MP: 17/17
  7183 | D:8      | Found a runed translucent gate.
  7183 | D:8      | Found a runed translucent gate.
  7183 | D:8      | Found a runed translucent gate.
  7183 | D:8      | Noticed Ratty's ghost (novice MiMo)
  7189 | D:8      | Reached skill level 1 in Evocations
  7240 | D:8      | Found a shadowy altar of Dithmenos.
  7310 | D:8      | Found a snail-covered altar of Cheibriados.
  7358 | D:8      | Received a gift from Okawaru
  7468 | D:8      | Reached skill level 5 in Shields
  8049 | D:8      | Reached **** piety under Okawaru
  8211 | D:8      | Noticed a three-headed hydra
  8229 | D:8      | Killed a one-headed hydra
  8229 | D:8      | Reached skill level 11 in Axes
  8601 | D:8      | Reached skill level 5 in Evocations
  8601 | D:8      | Reached XP level 11. HP: 66/75 MP: 18/18
  8802 | D:8      | Identified the +4 hand axe "Beetleslayer" {flame, -Tele
                  | MR++ Str+7} (You found it on level 4 of the Dungeon)
  8953 | D:9      | Found a burning altar of Makhleb.
  8953 | D:9      | Noticed an Executioner
  9140 | D:9      | Found a sparkling altar of Nemelex Xobeh.
  9533 | D:9      | Found Zyw Lyuq's Book Shop.
  9710 | D:10     | Entered Level 10 of the Dungeon
  9959 | D:10     | Found a staircase to the Orcish Mines.
 10654 | D:11     | Reached ***** piety under Okawaru
 10720 | D:11     | Noticed an obsidian statue
 10922 | D:11     | Found a staircase to the Lair.
 11068 | D:11     | Received a gift from Okawaru
 11167 | D:11     | Noticed a cyclops
 11183 | D:11     | Killed a cyclops
 11909 | D:12     | Reached skill level 12 in Axes
 11979 | D:12     | Found a flagged portal.
 12086 | Bailey   | Entered a bailey
 12151 | Bailey   | Noticed an orc warlord
 12258 | Bailey   | Noticed an orc knight
 12278 | Bailey   | Killed an orc knight
 12299 | Bailey   | Found a runed translucent gate.
 12300 | Bailey   | Found a runed translucent gate.
 12301 | Bailey   | Found a runed translucent gate.
 12335 | Bailey   | Noticed an orc knight
 12351 | Bailey   | Killed an orc knight
 12485 | Bailey   | Killed an orc warlord
 12485 | Bailey   | Reached XP level 12. HP: 56/81 MP: 17/19
 13139 | D:12     | Reached skill level 13 in Axes
 13221 | D:12     | Reached skill level 10 in Evocations
 13231 | D:12     | Received a gift from Okawaru
 13276 | D:12     | Noticed an eight-headed hydra
 13276 | D:12     | Noticed a five-headed hydra
 13295 | D:12     | Killed a three-headed hydra
 13298 | D:12     | Killed a one-headed hydra
 13420 | D:12     | Noticed a green very ugly thing
 13422 | D:12     | Noticed an ettin
 13423 | D:12     | Noticed a stone giant
 13427 | D:12     | Noticed a fire giant
 13428 | D:12     | Reached skill level 14 in Axes
 13438 | D:12     | Killed a green very ugly thing
 13440 | D:12     | Reached XP level 13. HP: 72/86 MP: 13/20
 13446 | D:12     | Killed an ettin
 13447 | D:12     | Mangled by a stone giant

Levels and vault maps discovered:
D:1:      roderic_crossed_star, layout_loops_ring
D:2:      layout_basic, lemuel_coloured_pillars_altar, serial_co_window_serial,
          co_window_paths_b, co_window_paths_b, co_window_paths_b,
          co_window_paths_a, co_window_paths_a, co_window_2corner,
          co_window_corner_b, co_window_broadway_a, co_window_of_opportunity_b,
          co_window_broadway_a, co_window_broadway_c, glass_columns_c,
          glass_columns_a, glass_columns_c, glass_columns_a, glass_columns_b
D:3:      layout_rooms, serial_rivers, chequers_serial_rivers_micro_a,
          chequers_serial_rivers_large_b, chequers_serial_rivers_small_3,
          chequers_serial_rivers_micro_d, st_stairs_14
D:4:      layout_cave_pools, kennysheep_generic_room_11, uniq_edmund
D:5:      layout_rooms, overflow_temple_1_default, minmay_temple_entry_tees,
          first_ration, minmay_hedge_maze
D:6:      layout_loops_ring, old_standard_altar, serial_shops, shop,
          trog_ov_bears_minmay
D:7:      layout_loops_corners, cheibrodos_ashenzari_chains
D:8:      layout_cave_pods, nicolae_overflow_hidden_temple,
          ebering_ghost_rock_garden, serial_park, hangedman_ranch
          [blue_anna_fruit_fields]
D:9:      layout_loops_ring, makhleb_altar_promises_db, serial_shops,
          nicolae_shop_behind_doors, nemelex_spade_bored_becter
D:10:     layout_gridville, orc_0_dummy
D:11:     layout_stronghold, lair_entry_dummy, minmay_statue_bubble
D:12:     minmay_nested_s, layout_basic, enter_bailey_2
Temple:   eino_temple_scatter_basement

Skill      XL: |  1  2  3  4  5  6  7  8  9 10 11 12 |
---------------+-------------------------------------+-----
Axes           | 3 4 5 6 7 8 10 11 12 14 | 14.7
Shields        | 4 7 9 |  9.0
Invocations    | 1 3 5 7 10 | 10.0
Evocations     | 5 8 10 | 10.0
Fighting       | |  3.2
Armour         | |  3.2

Action                   |  1- 3 |  4- 6 |  7- 9 | 10-12 | 13-15 || total
-------------------------+-------+-------+-------+-------+-------++-------
Melee: War axe           |    85 |   144 |       |       |       ||   229
       Hand axe          |       |       |   340 |   551 |     6 ||   897
       Falchion          |       |       |       |    21 |       ||    21
Invok: Heroism           |       |       |     1 |    13 |       ||    14
       Finesse           |       |       |       |     2 |       ||     2
  Use: Scroll            |       |     2 |     3 |    15 |       ||    20
       Potion            |       |       |       |     3 |     1 ||     4
  Eat: Chunk             |       |     6 |    10 |    10 |       ||    26
       Ration            |       |     1 |       |     4 |       ||     5
Armor: Chain mail        |    48 |     8 |       |       |       ||    56
       Plate armour      |       |    76 |    84 |       |       ||   160
       Storm dragon scal |       |       |    39 |   156 |       ||   195
Dodge: Dodged            |    22 |    31 |    47 |   131 |       ||   231
Block: Shield            |    50 |    80 |   131 |   283 |     1 ||   545
       Rpst.: Falchion   |       |       |       |     2 |       ||     2

Table legend:
 A = Non-vault XP
 B = Vault XP
 C = Vault XP percentage of total XP
 D = Non-vault monster count
 E = Vault monster count
 F = Vault count percentage of total count
                 A         B        C        D         E       F
            +---------+---------+-------+---------+---------+-------
      Total |   12281 |   16036 |  56.6 |     264 |      62 |  19.0
            +---------+---------+-------+---------+---------+-------
        D:1 |      64 |       0 |   0.0 |      23 |       0 |   0.0
        D:2 |      51 |       0 |   0.0 |      17 |       0 |   0.0
        D:3 |     128 |       1 |   0.8 |      19 |       1 |   5.0
        D:4 |     443 |     185 |  29.5 |      25 |       2 |   7.4
        D:5 |     740 |       0 |   0.0 |      17 |       0 |   0.0
        D:6 |    1049 |     261 |  19.9 |      21 |       2 |   8.7
        D:7 |    1151 |       0 |   0.0 |      34 |       0 |   0.0
        D:8 |    1511 |    2201 |  59.3 |      22 |       8 |  26.7
        D:9 |     959 |       0 |   0.0 |      17 |       0 |   0.0
       D:10 |     686 |       0 |   0.0 |      16 |       0 |   0.0
       D:11 |    2206 |       0 |   0.0 |      36 |       0 |   0.0
       D:12 |    3293 |   10368 |  75.9 |      17 |      28 |  62.2
     Bailey |       0 |    3020 | 100.0 |       0 |      21 | 100.0
            +---------+---------+-------+---------+---------+-------
